 Dungeon Crawl Stone Soup version 0.31-a0-175-g9f7f995f2b (webtiles) character file.

Game seed: 9019123278045921250

221 qw the Chopper (level 5, -7/33 HPs)
             Began as a Gargoyle Fighter on June 17, 2023.
             Mangled by an ogre
             ... wielding a +0 giant club
              (19 damage)
             ... on level 4 of the Dungeon.
             The game lasted 00:01:14 (3251 turns).

qw the Chopper (Gargoyle Fighter)                   Turns: 3251, Time: 00:01:15

Health: -7/33      AC: 12    Str: 19 (21) XL:     5   Next: 98%
Magic:  5/5        EV:  9    Int:  8 (9)  God:
Gold:   183        SH:  4    Dex:  8 (9)  Spells: 4/4 levels left

rFire   . . .        Y - +0 war axe
rCold   . . .        c - +0 buckler
rNeg    + . .        b - +0 scale mail
rPois   inf          (no helmet)
rElec   +            j - +0 cloak
rCorr   .            (no gloves)
SInv    .            (no boots)
Will    .....        h - amulet of the acrobat Stlth
                     (no ring)
HPRegen 0.25/turn    (no ring)
MPRegen 0.09/turn

%: acrobat
@: no status effects
A: sickness immunity, AC +4, negative energy resistance 1, electricity
resistance, torment resistance 1, petrification resistance
a: no special abilities


You were on level 4 of the Dungeon.
You visited 1 branch of the dungeon, and saw 4 of its levels.

You collected 183 gold pieces.


Innate Abilities, Weirdness & Mutations

You are immune to sickness and miasma.
Your stone body is resilient. (AC +4)
You are immune to poison.
You resist negative energy. (rN+)
You are resistant to electric shocks. (rElec)
You are resistant to unholy torment.
You are immune to petrification.


   Skills:
 + Level 3.9 Fighting
 - Level 5.0 Axes
 - Level 1.0 Throwing
 - Level 3.2 Armour
 - Level 3.2 Shields


You had 4 spell levels left.
You didn't know any spells.
Your spell library was empty.

Inventory:

Hand Weapons
 l - a +0 flail
 Y - a +0 war axe (weapon)
Armour
 b - a +0 scale mail (worn)
 c - a +0 buckler (worn)
 j - a +0 cloak (worn)
Jewellery
 h - an amulet of the acrobat (around neck)
Scrolls
 a - 2 scrolls of teleportation
 f - a scroll of fear {unknown}
 g - 3 scrolls of identify
Potions
 d - 2 potions of might
 e - a potion of ambrosia {unknown}
 i - a potion of heal wounds
 k - a potion of curing
 m - a potion of enlightenment

Dungeon Overview and Level Annotations

Branches:
Dungeon (4/15)
 Temple: D:4-7

Altars:

Annotations:
D:3 3 runed translucent doors, qw's ghost, amateur GrHu


Message History

Found a stone staircase leading up.
A kobold comes into view. It is wielding a +0 whip.
Found 11 gold pieces.
The kobold shouts!
The kobold throws a stone.
The stone completely misses you.
3125 ||| Stepping ~*~*~tactically~*~*~ (hiding).
You start waiting.
A kobold is nearby!
You slash the kobold!
You kill the kobold!
You start waiting.
Done waiting.
Things that are here:
a +0 whip; 2 stones; a kobold corpse
Found a mace.
You now have 174 gold pieces (gained 11).
You now have 183 gold pieces (gained 9).
A goblin comes into view. It is wielding a +0 club.
The goblin shouts!
Enter note:
Enter note: An ogre comes into view. It is wielding a +0 giant club.
A giant cockroach comes into view.
You hit the ogre but do no damage.
A ball python comes into view.
The ogre hits you with a +0 giant club!!
Ouch! That really hurt!
You hear a shout!
You barely miss the ogre.
The ball python hisses angrily.
You hear a shout!
You block the ogre's attack.
You slash the ogre!
The ogre is moderately wounded.
You slash the ogre!
The ogre is heavily wounded.
You closely miss the goblin. The goblin hits you but does no damage.
The ogre hits you with a +0 giant club!!
Ouch! That really hurt!
You die...

...........#####
##.........######.
##...............
##.......####.#.
##...#### ##..#
#..# . #..##...#
#@....# #.Og..###
#.#....# #


BS..... ...##.... .... ...... ..... .####. ...... .# You could see an ogre, a
giant cockroach, a goblin and a ball python.

Vanquished Creatures
  Natasha (thrice) (D:3)
  An orc wizard (D:3)
  5 adders
  2 worms (D:2)
  8 orcs (D:3)
  3 ball pythons
  2 bats
  9 endoplasms
  4 giant cockroaches
  A goblin (D:3)
  6 hobgoblins
  A quokka (D:1)
  2 frilled lizards
  6 kobolds
  3 rats
56 creatures vanquished.

Vanquished Creatures (others)
  An orc wizard (D:3)
1 creature vanquished.

Grand Total: 57 creatures vanquished

Notes
Turn   | Place    | Note
-------+----------+-------------------------------------------
     0 | D:1      | qw the Gargoyle Fighter began the quest for the Orb.
     0 | D:1      | Reached XP level 1. HP: 14/14 MP: 1/1
     0 | D:1      | 0 ||| qw: Version: 0.3-a-2-g5ab2908
     0 | D:1      | 0 ||| qw: Game counter: 97
     0 | D:1      | 0 ||| qw: Always use a shield: true
     0 | D:1      | 0 ||| qw: God list: Okawaru
     0 | D:1      | 0 ||| qw: Allow faded altars: false
     0 | D:1      | 0 ||| qw: Do Orc after D:15 true
     0 | D:1      | 0 ||| qw: Do second Lair branch before Depths: true
     0 | D:1      | 0 ||| qw: Lair rune preference: random
     0 | D:1      | 0 ||| qw: Plans: Normal, Zot:1-4, Slime:5, God:TSO, Crypt,
                  | Tomb, Abyss, Pan, Hells, Win
     0 | D:1      | 0 ||| PLANNING D:1-11
     1 | D:1      | Noticed an electric eel
    27 | D:1      | Reached skill level 2 in Axes
    71 | D:1      | Reached XP level 2. HP: 13/19 MP: 2/2
   415 | D:1      | Reached skill level 3 in Axes
   474 | D:1      | Reached XP level 3. HP: 23/23 MP: 3/3
   750 | D:1      | 750 ||| UPGRADING to amulet of the acrobat.
   755 | D:1      | 755 ||| DROPPING ring of flight.
   756 | D:1      | 756 ||| DROPPING +6 ring of intelligence.
   757 | D:1      | 757 ||| READING 3 scrolls labelled PUUDETAGHUA.
   762 | D:1      | 762 ||| READING 2 scrolls labelled FOASHR KEELO.
   763 | D:1      | 763 ||| READING 3 scrolls labelled USUP DEROBY.
   764 | D:1      | 764 ||| READING scroll labelled RUSMUE IZIUS.
   765 | D:1      | 765 ||| READING scroll labelled GOMIRGH USHRO.
   766 | D:1      | 766 ||| DRINKING 2 red potions.
   767 | D:1      | 767 ||| DROPPING scroll of vulnerability.
   820 | D:2      | Reached skill level 1 in Throwing
  1007 | D:2      | Reached XP level 4. HP: 28/28 MP: 4/4
  1376 | D:2      | 1376 ||| Stepping ~*~*~tactically~*~*~ (hiding).
  1696 | D:2      | Identified the +3 whip of Petikuah {flame, rN+ Dex+2}
  1698 | D:2      | 1698 ||| DROPPING +0 whip.
  2051 | D:2      | 2051 ||| UPGRADING to +0 cloak.
  2056 | D:2      | 2056 ||| READING scroll labelled DERYLE VIXKUUM.
  2057 | D:2      | 2057 ||| DRINKING 2 smoky amethyst potions.
  2058 | D:2      | 2058 ||| READING 4 scrolls of identify.
  2058 | D:2      | 2058 ||| IDENTIFYING black potion
  2112 | D:3      | Found a runed translucent gate.
  2112 | D:3      | Found a runed translucent gate.
  2112 | D:3      | Found a runed translucent gate.
  2115 | D:3      | Noticed qw's ghost (amateur GrHu)
  2171 | D:3      | 2171 ||| Stepping ~*~*~tactically~*~*~ (stealth).
  2175 | D:3      | 2175 ||| Stepping ~*~*~tactically~*~*~ (stealth).
  2252 | D:3      | 2252 ||| DROPPING +0 mace.
  2253 | D:3      | 2253 ||| DROPPING +3 whip of Petikuah {flame, rN+ Dex+2}.
  2305 | D:3      | Noticed Natasha
  2306 | D:3      | 2306 ||| Stepping ~*~*~tactically~*~*~ (hiding).
  2307 | D:3      | 2307 ||| Stepping ~*~*~tactically~*~*~ (hiding).
  2312 | D:3      | Killed Natasha
  2313 | D:3      | Reached skill level 4 in Axes
  2371 | D:3      | Reached XP level 5. HP: 32/32 MP: 5/5
  2438 | D:3      | Noticed Natasha
  2447 | D:3      | Killed Natasha
  2494 | D:3      | Reached skill level 5 in Axes
  2902 | D:3      | Noticed Natasha
  2903 | D:3      | 2903 ||| Stepping ~*~*~tactically~*~*~ (stealth).
  2904 | D:3      | 2904 ||| Stepping ~*~*~tactically~*~*~ (stealth).
  2906 | D:3      | 2906 ||| Stepping ~*~*~tactically~*~*~ (hiding).
  2908 | D:3      | 2908 ||| FLEEEEING.
  2909 | D:3      | 2909 ||| Stepping ~*~*~tactically~*~*~ (hiding).
  2921 | D:3      | Killed Natasha
  3022 | D:3      | 3022 ||| READING 3 scrolls labelled LAQ RUTARHEOPI.
  3023 | D:3      | 3023 ||| DRINKING 2 viscous silvery potions.
  3024 | D:3      | 3024 ||| DROPPING 2 scrolls of amnesia.
  3025 | D:3      | 3025 ||| DROPPING potion of degeneration.
  3125 | D:4      | 3125 ||| Stepping ~*~*~tactically~*~*~ (hiding).
  3246 | D:4      | Noticed an ogre
  3251 | D:4      | Mangled by an ogre

Levels and vault maps discovered:
D:1:      arrival_aquarium_a, layout_basic
D:2:      layout_basic
D:3:      layout_basic, gammafunk_ghost_split, uniq_natasha
D:4:      layout_rooms, okawaru_altar_gauntlet_db, nicolae_shop_unique_rings,
          minmay_ruined_shrine

Skill      XL: |  1  2  3  4  5 |
---------------+----------------+-----
Axes           | 2 3 4 5 |  5.0
Throwing       | 1 |  1.0
Fighting       | |  3.9
Armour         | |  3.2
Shields        | |  3.2

Action                     |  1- 3 |  4- 6 || total
---------------------------+-------+-------++-------
  Melee: War axe           |    77 |    90 ||   167
  Throw: Javelin           |     8 |    13 ||    21
    Use: Scroll            |     5 |     3 ||     8
         Potion            |     1 |     2 ||     3
 Armour: Scale mail        |    31 |    42 ||    73
  Dodge: Dodged            |    24 |    30 ||    54
  Block: Buckler           |    15 |     9 ||    24

Table legend:
 A = Non-vault XP
 B = Vault XP
 C = Vault XP percentage of total XP
 D = Non-vault monster count
 E = Vault monster count
 F = Vault count percentage of total count
                 A         B        C        D         E       F
            +---------+---------+-------+---------+---------+-------
      Total |     282 |      35 |  11.0 |      56 |       1 |   1.8
            +---------+---------+-------+---------+---------+-------
        D:1 |      42 |       0 |   0.0 |      22 |       0 |   0.0
        D:2 |      58 |       0 |   0.0 |      11 |       0 |   0.0
        D:3 |     177 |      35 |  16.5 |      20 |       1 |   4.8
        D:4 |       5 |       0 |   0.0 |       3 |       0 |   0.0
            +---------+---------+-------+---------+---------+-------
